 Dungeon Crawl Stone Soup version 0.27.1-1-g398f81649c (webtiles) character file.

Game seed: 14363369929734786033

24 nxtlvl the Ruffian (level 2, -6/29 HPs)
             Began as a Troll Abyssal Knight on Sept 6, 2021.
             Was a Believer of Lugonu.
             Killed by nerve-wracking pain
             ... invoked by Jessica
              (13 damage)
             ... on level 2 of the Dungeon.
             The game lasted 00:02:26 (389 turns).

nxtlvl the Ruffian (Troll Abyssal Knight)            Turns: 389, Time: 00:02:26

Health: -6/29      AC:  4    Str: 19    XL:     2   Next: 79%
Magic:  2/2        EV:  9    Int:  8    God:    Lugonu [**....]
Gold:   21         SH:  0    Dex:  9    Spells: 1/1 levels left

rFire    . . .     SeeInvis .     - Unarmed
rCold    . . .     Faith    .   (no shield)
rNeg     . . .     Spirit   .   a - +0 robe
rPois    .         Reflect  .   (helmet restricted)
rElec    .         Harm     .   (no cloak)
rCorr    .         Rampage  .   (gloves unavailable)
Will     .....                  (boots unavailable)
Stlth    +.........             (no amulet)
HPRegen  1.09/turn              (no ring)
MPRegen  0.08/turn              (no ring)

@: no status effects
A: large, unfitting armour, claws 3, regeneration 1, shaggy fur 1, tough skin 1
a: Renounce Religion, Depart the Abyss, Bend Space


You were on level 2 of the Dungeon.
You worshipped Lugonu.
Lugonu was pleased with you.
You visited 1 branch of the dungeon, and saw 3 of its levels.
You visited the Abyss 1 time.

You collected 21 gold pieces.

Inventory:

Missiles
 f - 11 poisoned darts
Armour
 a - a +0 robe (worn)
Scrolls
 g - a scroll of identify {unknown}
Potions
 b - a potion of heal wounds {unknown}
 c - a potion of might {unknown}
 d - a potion of ambrosia {unknown}
 e - a potion of lignification {unknown}


   Skills:
 - Level 2.4 Fighting
 - Level 1.9 Dodging
 * Level 3.4 Unarmed Combat
 - Level 1.5 Invocations


You had one spell level left.
You didn't know any spells.
Your spell library was empty.

Dungeon Overview and Level Annotations

Branches:
Dungeon (3/15)

Altars:

Annotations:
D:2 Jessica
D:3 Sigmund


Innate Abilities, Weirdness & Mutations

You are too large for most types of armour.
You have claws for hands.
Your natural rate of healing is unusually fast.
You are covered in fur. (AC +1)
You have tough skin. (AC +1)


Message History

Lugonu accepts your kill. Jessica casts a spell at you.
You feel yourself slow down. Jessica casts a spell at you.
Pain shoots through your body!
Jessica mumbles some strange words.
Jessica seems to speed up.
Jessica very coldly says, "I hate your company."
Jessica barely misses you.
Jessica mumbles some strange words.
Jessica blinks!
Jessica casts a spell at you. Pain shoots through your body!
Jessica hits you but does no damage.
You claw Jessica!
Jessica is severely wounded.
Jessica shouts, "You are a ghastly nuisance!"
Jessica casts a spell.
Jessica blinks!
Jessica completely misses you. Jessica barely misses you.
You closely miss Jessica.
Jessica is severely wounded.
You feel yourself speed up.
Jessica drinks a potion.
Jessica is healed!
Jessica points at you and mumbles some strange words.
You barely resist. You scratch Jessica.
Jessica is moderately wounded.
Jessica hits you with a +0 dagger.
You claw Jessica!
Jessica is almost dead.
Jessica mumbles some strange words.
Jessica blinks!
Jessica points at you and mumbles some strange words.
Pain shoots through your body!
You barely miss the quokka. The quokka bites you.
* * * LOW HITPOINT WARNING * * *
You miss the quokka. Jessica gestures at you while chanting.
Pain shoots through your body!
You die...

#.# .. #.#.#.$#.# #.#
##.#.#.#.#..#.#
#.#..............>#
#.#.##.#.#......#######
#.# ...#..@.........###
..#
.........#..........
###...............##..#
#
.............ยง.....###
............r@)......#
# .......#....########
).........#........
.....###.#..###### ..
!.#..# +# #!?.).# .# #
###.# .# .# .# ##


You could see Jessica (fast) and a quokka.

Vanquished Creatures
  A worm (D:2)
  A dart slug (D:2)
  3 endoplasms (D:1)
  A goblin (D:2)
  2 hobgoblins
  4 jackals (D:2)
  A quokka (D:2)
  A frilled lizard (D:2)
  A kobold (D:2)
  2 rats (D:2)
17 creatures vanquished.

Notes
Turn   | Place    | Note
-------+----------+-------------------------------------------
     0 | Abyss:1  | nxtlvl the Troll Abyssal Knight began the quest for the
                  | Orb.
     0 | Abyss:1  | Reached XP level 1. HP: 22/22 MP: 1/1
    10 | D:1      | Escaped the Abyss
   140 | D:3      | Noticed Sigmund
   204 | D:2      | Reached XP level 2. HP: 29/29 MP: 2/2
   275 | D:2      | Reached skill level 3 in Unarmed Combat
   372 | D:2      | Reached ** piety under Lugonu
   374 | D:2      | Noticed Jessica
   389 | D:2      | Killed from afar by Jessica

Illustrated notes

Levels and vault maps discovered:
D:1:      dpeg_arrival_boxorama, layout_rooms, ebering_ecumenical_altar_hall,
          minmay_gold_behind_fungi
D:2:      layout_basic, minmay_tromino_i4, uniq_jessica
D:3:      layout_basic, vehumet_crystals, serial_shops, shop,
          minmay_misc_feat_nine_boxes, uniq_sigmund

Skill      XL: |  1  2 |
---------------+-------+-----
Unarmed Combat | 3 |  3.4
Fighting       | |  2.4
Dodging        | |  1.9
Invocations    | |  1.5

Action                   || total
-------------------------++-------
Melee: Unarmed           ||    43
 Stab: Sleeping          ||     1
Armor: Robe              ||    11
Dodge: Dodged            ||    15
